AoeStats
← 37234103

Arabia

510469047Analyzed
1v1 RM · 2d ago on Oct 1, 2026· 31m 32s· 2 players
Game mode
Random Map
Map size
Tiny (2 player)
Population
200
Speed
Normal
Resources
Standard
Victory
Conquest
Starting age
Dark Age
Ending age
Imperial Age
RankedLock teamsTeams togetherTeam positionsShared explorationLock speedFull tech treeHidden civsTurbo modeCheats
Victory
Defeat
🇨🇳 Huns · China
1291
+16
🇺🇾 Franks · Uruguay
1286
-16
yerba_de mipalo
6:53 Loom
9:19 Feudal Age
9:47 Double-Bit Axe
10:41 Man-at-Arms
22:50 Castle Age
25:32 Bow Saw
26:35 Forging
37234103
6:52 Loom
8:49 Feudal Age
10:03 Double-Bit Axe
15:28 Horse Collar
23:45 Castle Age
22:30 Forging
22:59 Bloodlines
22:59 Scale Barding Armor
27:09 Iron Casting
26:35 Gold Mining
27:34 Chain Barding Armor
27:33 Husbandry
29:40 Heavy Plow
Connection lost

Rejoining the realm…

Still unreachable

The connection could not be restored.

Session expired

The server has moved on; the page needs a fresh start.